 Seeded DCSS version 0.30-a0-4-ga7cffc901d (webtiles) character file.

Game seed: 16325529221887051656 (custom seed)

79 GigaChad the Covered (level 4, -3/40 HPs)
             Began as a Minotaur Fighter on Aug 21, 2022.
             Was a Follower of Okawaru.
             Slain by Grinder (4 damage)
             ... on level 3 of the Dungeon on Aug 22, 2022.
             The game lasted 00:05:31 (1890 turns).

GigaChad the Covered (Minotaur Fighter)             Turns: 1890, Time: 00:05:31

Health: -3/40      AC:  7    Str: 21    XL:     4   Next: 17%
Magic:  3/3        EV:  9    Int:  7    God:    Okawaru [*.....]
Gold:   87         SH:  4    Dex:  9    Spells: 3/3 levels left

rFire   . . .      SeeInvis .    a - +0 long sword
rCold   . . .      Faith    .    c - +0 buckler
rNeg    . . .      Spirit   .    b - +0 scale mail
rPois   .          Reflect  .    (helmet restricted)
rElec   .          Harm     .    (no cloak)
rCorr   .          Rampage  .    (no gloves)
Will    .....                    (no boots)
Stlth   ..........               (no amulet)
HPRegen 0.13/turn                (no ring)
MPRegen 0.08/turn                (no ring)

@: no status effects
A: horns 2, retaliatory headbutt
a: Renounce Religion, Heroism


You were on level 3 of the Dungeon.
You worshipped Okawaru.
Okawaru was aware of your devotion.
You visited 1 branch of the dungeon, and saw 3 of its levels.

You collected 87 gold pieces.

Inventory:

Hand Weapons
 a - a +0 long sword (weapon)
Armour
 b - a +0 scale mail (worn)
 c - a +0 buckler (worn)
Scrolls
 f - a scroll of magic mapping
 g - a scroll of enchant weapon {unknown}
 i - a scroll of vulnerability {unknown}
 j - a scroll of blinking {unknown}
Potions
 d - 2 potions of might
 e - a potion of lignification {unknown}
 h - a potion of brilliance {unknown}


   Skills:
 + Level 4.2 Fighting
 + Level 3.7 Long Blades
 + Level 4.5 Armour
 + Level 0.2 Dodging
 + Level 3.9 Shields


You had 3 spell levels left.
You didn't know any spells.
Your spell library contained the following spells:

 Spells                   Type           Power      Damage    Failure   Level
 Conjure Flame            Conj/Fire      0%         6-21      99%         3
 Ignite Poison            Fire/Tmut/Pois 0%         N/A       99%         3
 Sticky Flame             Conj/Fire      0%         2d3       100%        4
 Freezing Cloud           Conj/Ice/Air   0%         6-21      100%        5
 Polar Vortex             Ice            0%         N/A       100%        9
 Simulacrum               Ice/Necr       Unusable   N/A       N/A         6

Dungeon Overview and Level Annotations

Branches:
Dungeon (3/15)

Altars:
Ashenzari
Okawaru

Annotations:
D:3 Grinder


Innate Abilities, Weirdness & Mutations

You have a pair of horns on your head.
You reflexively headbutt those who attack you in melee.


Message History

Grinder barely misses you.
You closely miss Grinder.
Grinder is lightly wounded.
You block Grinder's attack. Grinder gestures at you.
Pain shoots through your body!
You closely miss Grinder. You headbutt Grinder!
Grinder is moderately wounded.
Grinder hits you.
You writhe in agony.
You slash Grinder! Your headbutt misses Grinder.
Grinder is heavily wounded.
Grinder gestures at you. You resist with significant effort.
You hit Grinder.
Grinder is severely wounded.
Grinder gestures at you. Pain shoots through your body!
You barely miss Grinder. Your headbutt misses Grinder.
Grinder is severely wounded.
Grinder says, "You look like you could use a good racking."
Grinder closely misses you. Grinder hits you but does no damage.
You hit Grinder.
Grinder is severely wounded.
Grinder hits you.
You writhe in agony.
* * * LOW HITPOINT WARNING * * *
You barely miss Grinder. Your headbutt misses Grinder.
Grinder is severely wounded.
Grinder hits you.
* * * LOW HITPOINT WARNING * * *
You writhe in agony.
* * * LOW HITPOINT WARNING * * *
You closely miss Grinder.
Grinder is severely wounded.
Grinder hits you but does no damage.
You hit Grinder.
Grinder is severely wounded.
You block Grinder's attack. Grinder hits you.
* * * LOW HITPOINT WARNING * * *
You writhe in agony.
You die...

.........#
.######..########
#...⌠#..........
#...##...#######
#._.....##
#...##.##
#...⌠#.# ######.#
##@## ##.5.##
#.....# #.......#
#.........#
+............
#.........###
##.....?..#
##.....#.#


You could see Grinder.

Vanquished Creatures
  A hound (D:3)
  An adder (D:2)
  2 worms
  A dart slug (D:3)
  An endoplasm (D:2)
  A giant cockroach (D:2)
  5 hobgoblins (D:2)
  A quokka (D:2)
  5 ball pythons (D:2)
  2 bats
  2 frilled lizards
  A goblin (D:2)
  5 kobolds
  4 rats
32 creatures vanquished.

Notes
Turn   | Place    | Note
-------+----------+-------------------------------------------
     0 | D:1      | GigaChad the Minotaur Fighter began the quest for the Orb.
     0 | D:1      | Reached XP level 1. HP: 19/19 MP: 0/0
   108 | D:1      | Found a faded altar of an unknown god.
   115 | D:1      | Prayed at the altar of an unknown god.
   115 | D:1      | Became a worshipper of Warmaster Okawaru
   115 | D:1      | Reached * piety under Okawaru
   899 | D:2      | Reached XP level 2. HP: 20/27 MP: 1/1
  1073 | D:2      | Reached XP level 3. HP: 24/33 MP: 2/2
  1587 | D:3      | Reached XP level 4. HP: 29/40 MP: 3/3
  1856 | D:3      | Found a broken altar of Ashenzari.
  1869 | D:3      | Noticed Grinder
  1888 | D:3      | HP: 2/40 [Grinder (6)]
  1890 | D:3      | Slain by Grinder

Illustrated notes

Levels and vault maps discovered:
D:1:      dpeg_arrival_shrine, layout_basic, dilly_ecumenical_altar_fadedgnrine
D:2:      layout_loops_ring, hex_tiny
D:3:      layout_loops_corners, mainiacjoe_overflow_alcove_2, uniq_grinder,
          uniq_crazy_yiuf_cottage

Skill      XL: |  1  2 |
---------------+-------+-----
Fighting       | 4 |  4.2
Long Blades    | 3 |  3.7
Armour         | 4 |  4.5
Dodging        | |  0.2
Shields        | |  3.9

Action                   |  1- 3 |  4- 6 || total
-------------------------+-------+-------++-------
Melee: Long sword        |    67 |    18 ||    85
       Headbutt          |    12 |     3 ||    15
  Use: Scroll            |     2 |       ||     2
Armor: Scale mail        |    47 |     5 ||    52
Dodge: Dodged            |    33 |     6 ||    39
Block: Buckler           |    19 |     2 ||    21

Table legend: (Time is in decaauts)
 A = Elapsed time spent in this place.
 B = Non-inter-level travel time spent in this place.
 C = Inter-level travel time spent in this place.
 D = Time resting spent in this place.
 E = Time spent auto-exploring this place.
 F = Levels seen in this place.
 G = Mean time per level.
                   A        B        C        D        E       F      G
               +--------+--------+--------+--------+--------+-----+--------+
         Total |   1916 |   1691 |    225 |    120 |    599 |   3 |  638.7 |
       Dungeon |   1916 |   1691 |    225 |    120 |    599 |   3 |  638.7 |
               +--------+--------+--------+--------+--------+-----+--------+

Top non-repeatable levels by time:
     D:1: 824 daAuts
     D:2: 771 daAuts
     D:3: 320 daAuts
